 Dungeon Crawl Stone Soup version 0.23.2-30-g0e89c35649 (webtiles) character file.

Game seed: 3579826791845886729

303 HASTUR3 the Changer (level 6, -9/38 HPs)
             Began as an Octopode Transmuter on June 14, 2019.
             Mangled by an orc
             ... wielding a +3 flail
              (11 damage)
             ... on level 3 of the Dungeon.
             The game lasted 00:15:23 (2987 turns).

HASTUR3 the Changer (Octopode Transmuter)           Turns: 2987, Time: 00:15:24

Health: -9/38      AC:  1    Str:  8 (11) XL:     6   Next: 38%
Magic:  7/9        EV: 13    Int: 13 (15) God:
Gold:   168        SH:  0    Dex: 12 (13) Spells: 3/9 levels left

rFire    . . .     SeeInvis .     - Unarmed
rCold    . . .     Gourm    .   (no shield)
rNeg     . . .     Faith    .   (helmet restricted)
rPois    .         Spirit   .   h - amulet of the acrobat
rElec    .         Reflect  .   (no ring)
rCorr    .         Harm     .   (no ring)
MR       .....                  (no ring)
Stlth    +++.......             (no ring)
HPRegen  0.12/turn              (no ring)
MPRegen  0.11/turn              (no ring)
                                (no ring)
                                (no ring)

@: appendage
A: almost no armour, stealthy swim, amphibious, 8 rings, constrict 8, tentacle
spike 3, camouflage 1, gelatinous body 1
a: End Transformation


You were on level 3 of the Dungeon.
You were not hungry.
One of your tentacles had a temporary spike.
You visited 1 branch of the dungeon, and saw 3 of its levels.

You collected 168 gold pieces.

Inventory:

Missiles
 a - 29 arrows
 e - 25 poisoned needles
Jewellery
 h - an amulet of the acrobat (around mantle)
Wands
 m - a wand of paralysis (6)
Scrolls
 d - 2 scrolls of enchant weapon {unknown}
 g - a scroll of identify
 j - a scroll of fear {unknown}
 n - a scroll of magic mapping
Potions
 f - a potion of ambrosia {unknown}
 i - a potion of degeneration
 k - a potion of invisibility {unknown}
 l - a potion of resistance {unknown}
Comestibles
 b - 9 chunks of flesh
 c - 5 rations


   Skills:
 - Level 1.0 Fighting
 - Level 2.0 Dodging
 - Level 3.0 Stealth
 - Level 3.0 Unarmed Combat
 + Level 2.0 Spellcasting
 - Level 5.0 Transmutations
 + Level 3.8 Poison Magic


You had 3 spell levels left.
You knew the following spells:

 Your Spells              Type           Power        Failure   Level  Hunger
a - Beastly Appendage     Tmut           ##....       3%          1    ##.....
b - Sticks to Snakes      Tmut           ##......     4%          2    ###....
c - Spider Form           Tmut/Pois      ##........   12%         3    ####...

Your spell library contained the following spells:

 Spells                   Type           Power        Failure   Level  Hunger
 Ice Form                 Ice/Tmut       #.......     65%         4    #####..
 Blade Hands              Tmut           ##........   65%         5    ######.


Dungeon Overview and Level Annotations

Branches:
Dungeon (3/15)

Altars:
Hepliaklqana
Okawaru
Trog
Vehumet
The Shining One


Innate Abilities, Weirdness & Mutations

You cannot wear most types of armour.
You are very stealthy in the water. (Stealth+)
You are amphibious.
You can wear up to eight rings at the same time.
You can use your tentacles to constrict eight enemies at once.
Your skin changes colour to match your surroundings (Stealth+).
Your rubbery body absorbs attacks. (AC +1, EV +1)
One of your tentacles bears a large vicious spike.


Message History

You kill the orc!
The orc throws a tomahawk.
The tomahawk completely misses you.
Casting: Spider Form (safe; 11% risk of failure)
Confirm with . or Enter, or press ? or * to list all spells.
One of your tentacles grows a vicious spike.
The orc throws a tomahawk.
The tomahawk hits you! The orc completely misses you.
Items here: ))) [[ † You tentacle-slap the orc.
You grab the orc.
You pierce the orc, but do no damage.
The orc is almost dead.
You constrict the orc, but do no damage.
The orc hits you with a +3 flail!
* * * LOW HITPOINT WARNING * * *
It was a potion of degeneration.
There was something very wrong with that liquid.
You feel weakened.
You feel dopey.
You feel clumsy.
You constrict the orc, but do no damage.
The orc hits you with a +3 flail!
You die...

#.#.# #..# #.#.#
.# #.#.####..#
#.#.# ..
######.#.....).#
#..
.......#..##.###
#.÷..# .# #.#.##
.# . #.#.# .#
...
#.#.###.#.....
#.#($(@o......
#.##.####.....
.....# ..#
#.##.# # # #.#
..) #># #.#


You could see an orc.

Vanquished Creatures
  Sigmund (D:2)
  3 gnolls
  An adder (D:2)
  4 worms (D:2)
  2 dart slugs
  4 leopard geckos
  3 orcs (D:3)
  A giant cockroach (D:2)
  8 goblins
  8 hobgoblins
  14 jackals
  2 ball pythons
  5 bats
  A frilled lizard (D:1)
  5 kobolds
  12 rats
  A plant (D:1)
75 creatures vanquished.

Notes
Turn   | Place    | Note
-------+----------+-------------------------------------------
     0 | D:1      | HASTUR3 the Octopode Transmuter began the quest for the
                  | Orb.
     0 | D:1      | Reached XP level 1. HP: 13/13 MP: 3/3
    36 | D:1      | Reached skill level 1 in Stealth
   162 | D:1      | Reached XP level 2. HP: 18/18 MP: 5/5
   172 | D:1      | Learned a level 2 spell: Sticks to Snakes
   586 | D:1      | Reached XP level 3. HP: 23/23 MP: 6/6
   686 | D:1      | Learned a level 3 spell: Spider Form
  1281 | D:2      | Reached skill level 1 in Poison Magic
  1289 | D:2      | Found a glowing golden altar of the Shining One.
  1290 | D:2      | Noticed Sigmund
  1348 | D:2      | Found a hazy altar of Hepliaklqana.
  1426 | D:2      | Reached XP level 4. HP: 19/28 MP: 7/7
  1491 | D:2      | Reached skill level 3 in Transmutations
  1562 | D:2      | Found an iron altar of Okawaru.
  1661 | D:2      | Found a radiant altar of Vehumet.
  2507 | D:2      | Noticed a moth of wrath
  2510 | D:2      | Found a bloodstained altar of Trog.
  2545 | D:2      | Reached XP level 5. HP: 20/33 MP: 8/8
  2859 | D:2      | Killed Sigmund
  2859 | D:2      | Reached skill level 4 in Transmutations
  2859 | D:2      | Reached XP level 6. HP: 20/38 MP: 6/9
  2947 | D:3      | Reached skill level 5 in Transmutations
  2987 | D:3      | Mangled by an orc

Skill      XL: |  1  2  3  4  5  6 |
---------------+-------------------+-----
Stealth        | 2 3 |  3.0
Poison Magic   | 1 2 3 |  3.8
Transmutations | 3 4 5 |  5.0
Fighting       | |  1.0
Dodging        | |  2.0
Unarmed Combat | |  3.0
Spellcasting   | |  2.0

Action                   |  1- 3 |  4- 6 || total
-------------------------+-------+-------++-------
Melee: Unarmed           |   113 |    86 ||   199
       Constrict         |    30 |    13 ||    43
       Tentacles         |    14 |     8 ||    22
       Punch             |     1 |       ||     1
       Kick              |       |     1 ||     1
 Cast: Spider Form       |       |    10 ||    10
       Beastly Appendage |       |     2 ||     2
  Use: Scroll            |     2 |       ||     2
       Potion            |       |     1 ||     1
 Stab: Sleeping          |     3 |     4 ||     7
       Distracted        |     1 |       ||     1
  Eat: Chunk             |     2 |     6 ||     8
Armor: Skin              |     4 |     2 ||     6
Dodge: Dodged            |    74 |    52 ||   126
